 Dungeon Crawl Stone Soup version 0.30-a0-600-gb7c8574cbb (webtiles) character file.

Game seed: 9617385027194422236

205350 M4edhros the Peltast (level 18, -12/119 HPs)
             Began as an Octopode Artificer on Jan 7, 2023.
             Was a High Priest of Cheibriados.
             Mangled by a jumping spider (15 damage)
             ... on level 1 of the Spider Nest.
             The game lasted 02:28:14 (16970 turns).

M4edhros the Peltast (Octopode Artificer)          Turns: 16970, Time: 02:28:14

Health: -12/119    AC:  1    Str: 28    XL:     18   Next: 68%
Magic:  45/47      EV: 15    Int: 31    God:    Cheibriados [*****.]
Gold:   928        SH:  0    Dex: 37    Spells: 5/32 levels left

rFire   + . .      SeeInvis +      - Unarmed
rCold   + . .      Faith    .    V - +8 kite shield of Zuypluy {Drain rF++ Int+3 Stlth+}
rNeg    . . .      Spirit   .    I - +0 mask of the Dragon {Will+ Slay+3 SInv}
rPois   +          Reflect  .    h - amulet of regeneration
rElec   +          Harm     .    A - ring of ice
rCorr   +          Rampage  .    C - +6 ring of strength
Will    ++++.                    v - ring of magical power
Stlth   +++++++                  y - +6 ring of dexterity
HPRegen 1.19/turn                E - +4 ring of slaying
MPRegen 0.30/turn                G - ring "Ytweu" {rElec rPois Will+ rCorr Str-3}
                                 p - ring of magical power
                                 Z - ring of willpower

@: held, studying 2 skills, very slow
A: almost no armour, amphibious, 8 rings, camouflage 1, gelatinous body 1,
(nimble swimmer 1), tentacles
}: 1/15 runes: gossamer
a: Renounce Religion, Bend Time, Temporal Distortion, Slouch, Step From Time


You were on level 1 of the Spider Nest.
You worshipped Cheibriados.
Cheibriados was extremely pleased with you.
You visited 6 branches of the dungeon, and saw 30 of its levels.
You also visited: Trove, Ossuary and Ice Cave.

You collected 3560 gold pieces.
You spent 2632 gold pieces at shops.

Inventory:

Missiles
 o - a curare-tipped dart (quivered)
 s - 4 javelins
 K - 4 throwing nets
 O - 3 silver javelins
Armour
 D - a +5 kite shield of cold resistance
 I - the +0 mask of the Dragon (worn) {Will+ Slay+3 SInv}
   (You bought it in a shop on level 4 of the Dungeon)

   Slay:      It affects your accuracy & damage with ranged weapons and melee
   (+3).
   SInv:      It lets you see invisible.
   Will:      It increases your willpower.
 V - the +8 kite shield of Zuypluy (worn) {Drain rF++ Int+3 Stlth+}
   (You bought it in a shop on level 1 of the Orcish Mines)

   Int:       It affects your intelligence (+3).
   rF:        It greatly protects you from fire.
   Drain:     It drains your maximum health when unequipped.
   Stlth:     It makes you more stealthy.
Jewellery
 f - a ring of magical power
 h - an amulet of regeneration (around mantle)
 i - the ring of the Locust {rF+ Int+3}
   (You took it off a deep elf annihilator on level 3 of the Elven Halls)

   [ring of protection from fire]

   Int:       It affects your intelligence (+3).
   rF:        It protects you from fire.
 p - a ring of magical power (on tentacle)
 v - a ring of magical power (on tentacle)
 y - a +6 ring of dexterity (on tentacle)
 A - a ring of ice (left tentacle)
 C - a +6 ring of strength (right tentacle)
 E - a +4 ring of slaying (on tentacle)
 G - the ring "Ytweu" (on tentacle) {rElec rPois Will+ rCorr Str-3}
   (You found it in a treasure trove)

   [ring of willpower]

   Str:       It affects your strength (-3).
   rElec:     It insulates you from electricity.
   rPois:     It protects you from poison.
   rCorr:     It protects you from acid and corrosion.
   Will:      It increases your willpower.
 Z - a ring of willpower (on tentacle)
Wands
 c - a wand of charming (10)
 d - a wand of iceblast (2)
 g - a wand of quicksilver (5)
 r - a wand of mindburst (26)
 L - a wand of polymorph (14)
 R - a wand of flame (12)
 X - a wand of digging (11)
Scrolls
 e - 2 scrolls of blinking
 j - 9 scrolls of teleportation
 k - 2 scrolls of brand weapon
 l - 5 scrolls of enchant weapon
 w - 5 scrolls of immolation
 z - 2 scrolls of butterflies
 B - 3 scrolls of amnesia
 F - 3 scrolls of enchant armour
 H - 2 scrolls of fog
 M - 3 scrolls of vulnerability
 T - 2 scrolls of fear
 Y - 3 scrolls of poison
Potions
 a - 6 potions of ambrosia
 m - 4 potions of magic
 n - 5 potions of mutation
 q - 2 potions of resistance
 t - 5 potions of cancellation
 u - 4 potions of flight
 x - 3 potions of attraction
 J - 6 potions of brilliance
 N - a potion of berserk rage
 P - a potion of curing
 Q - a potion of heal wounds
 S - 4 potions of might
 W - a potion of lignification
Miscellaneous
 b - a tin of tremorstones (2/2)
 U - a phantom mirror


   Skills:
 * Level 9.6 Fighting
 * Level 12.0 Dodging
 - Level 6.3 Stealth
 - Level 17.6 Shields
 - Level 10.0 Unarmed Combat
 * Level 7.5 Spellcasting
 - Level 8.1 Conjurations
 + Level 7.6 Summonings
 * Level 5.0 Translocations
 - Level 4.0 Transmutations
 - Level 6.0 Ice Magic
 * Level 14.0 Air Magic
 - Level 7.0 Poison Magic
 - Level 7.4 Invocations
 - Level 6.0 Evocations


You had 5 spell levels left.
You knew the following spells:

 Your Spells              Type           Power      Damage    Failure   Level
a - Mephitic Cloud        Conj/Pois/Air  64%        N/A       1%          3
b - Ignite Poison         Fire/Tmut/Pois 34%        N/A       4%          3
c - Call Imp              Summ           56%        N/A       1%          2
d - Freezing Cloud        Conj/Ice/Air   40%        6-21      3%          5
e - Summon Lightning Spi  Summ/Air       68%        N/A       1%          4
f - Apportation           Tloc           86%        N/A       1%          1
g - Wereblood             Tmut           36%        N/A       1%          2
h - Malign Gateway        Summ/Tloc      25%        N/A       99%         7

Your spell library contained the following spells:

 Spells                   Type           Power      Damage    Failure   Level
 Magic Dart               Conj           100%       1d8       1%          1
 Summon Small Mammal      Summ           100%       N/A       1%          1
 Blink                    Tloc           86%        N/A       1%          2
 Momentum Strike          Conj/Tloc      100%       3d10      1%          2
 Call Canine Familiar     Summ           56%        N/A       1%          3
 Kindle Blastsparks       Fire/Tloc/Air  100%       2d18      1%          3
 Gell's Gravitas          Tloc           43%        N/A       2%          3
 Lesser Beckoning         Tloc           86%        N/A       2%          3
 Teleport Other           Tloc           43%        N/A       2%          3
 Dazzling Flash           Conj/Hex       72%        N/A       3%          3
 Stone Arrow              Conj/Erth      72%        3d11      3%          3
 Passwall                 Tmut/Erth      20%        N/A       4%          2
 Summon Guardian Golem    Hex/Summ       35%        N/A       4%          3
 Iskenderun's Mystic Bla  Conj/Tloc      51%        2d11      4%          4
 Summon Ice Beast         Ice/Summ       69%        N/A       4%          4
 Necrotise                Necr           44%        1d6       7%          1
 Sandblast                Erth           22%        2d7       7%          1
 Sublimation of Blood     Necr           11%        N/A       10%         2
 Flame Wave               Conj/Fire      36%        2d10      12%         4
 Sticky Flame             Conj/Fire      36%        2d6       12%         4
 Inner Flame              Hex/Fire       11%        N/A       21%         3
 Anguish                  Hex/Necr       5%         N/A       54%         4
 Animate Dead             Necr           11%        N/A       54%         4
 Cause Fear               Hex            5%         N/A       54%         4
 Storm Form               Tmut/Air       30%        N/A       80%         7
 Maxwell's Capacitive Co  Air            39%        ∞         80%         8
 Starburst                Conj/Fire      18%        6d7       88%         6
 Summon Hydra             Summ           28%        N/A       94%         7
 Dragon Form              Tmut           18%        N/A       100%        7
 Enfeeble                 Hex            5%         N/A       100%        7
 Haunt                    Necr/Summ      17%        N/A       100%        7
 Ignition                 Fire           5%         3d4       100%        8
 Summon Horrible Things   Summ           28%        N/A       100%        8
 Dragon's Call            Summ           28%        N/A       100%        9


Dungeon Overview and Level Annotations

Branches:
Dungeon (15/15)            Temple (1/1) D:7            Lair (5/5) D:10
 Shoals (0/4) Lair:3       Spider (4/4) Lair:2        Slime (0/5) Lair:4
    Orc (2/2) D:11            Elf (3/3) Orc:2        Vaults (0/5) D:14
 Depths (0/4) D:15        Ossuary (visited)           IceCv (visited)

Altars:
Ashenzari
Cheibriados
Dithmenos
Elyvilon
Gozag
Hepliaklqana
Makhleb
Nemelex Xobeh
Okawaru
Qazlal
Ru
Sif Muna
Uskayaw
Vehumet
Wu Jian
Xom
Yredelemnul
Zin
The Shining One

Shops:
D:4 [[(!!   D:10 (   D:11 [   Orc:1 [:*?*   Orc:2 *(=[   Elf:3 [*

Annotations:
D:8 3 runed translucent doors, Bnni's ghost, journeyman FoHs; Gastronok; Opifex's ghost, novice GrFi
D:12 2 runed translucent doors, Qomop's ghost, adept FoFi
Lair:3 Urug
Orc:1 3 runed translucent doors, Xefoanen's ghost, journeyman MiFi


Innate Abilities, Weirdness & Mutations

You cannot wear most types of armour.
You are amphibious.
You can wear up to eight rings at the same time.
Your skin changes colour to match your surroundings (Stealth+).
Your rubbery body absorbs attacks. (AC +1, EV +1)
((You are camouflaged when in or above water. (Stealth+)))
You have tentacles for arms and can constrict up to eight enemies at once.


Message History

The bolt of electricity hits the jumping spider! x2
The demonic crawler completely misses you.
The demonic crawler hits you!
The demonic crawler completely misses you.
You bludgeon the demonic crawler! You tentacle-slap the demonic crawler!
The demonic crawler is heavily wounded.
Your lightning spire disappears in a puff of smoke!
You block the jumping spider's attack. x2
You block the demonic crawler's attack.
The demonic crawler barely misses you. x2
You tentacle-slap the demonic crawler but do no damage.
You squeeze the demonic crawler, but do no damage.
The demonic crawler is heavily wounded.
You block the jumping spider's attack. The jumping spider misses you.
You block the demonic crawler's attack.
The demonic crawler completely misses you.
The demonic crawler barely misses you. The jumping spider pounces on you.
You are caught in a web!
The jumping spider closely misses you.
You struggle to detach yourself from the web.
The demonic crawler hits you! x2
* * * LOW HITPOINT WARNING * * *
The demonic crawler completely misses you.
The jumping spider pounces on you!
* * * LOW HITPOINT WARNING * * *
The jumping spider bites you.
* * * LOW HITPOINT WARNING * * *
Okay, then.
Okay, then.
Unknown command.
Okay, then.
Unknown command.
Okay, then.
You fail to use your ability.
The jumping spider closely misses you. The jumping spider barely misses you.
The demonic crawler hits you.
* * * LOW HITPOINT WARNING * * *
The demonic crawler barely misses you.
The demonic crawler completely misses you.
The demonic crawler misses you. x2; The demonic crawler hits you.
* * * LOW HITPOINT WARNING * * *
The jumping spider pounces on you!
You die...

##.†..^#...###...#..
#....###....####....
##..##......#..##...
#...#....#[.....†.#.
#..##..#####.#.8.^## #
##..#...#..########.
##.#.#†..##..#..#?....#..
..§§§s†.##...#...........
..#.§§.s@...##....#.....#
####§s....#.....#......
####################


You could see a demonic crawler, an orb spider and a jumping spider.

Vanquished Creatures
  Mara (Spider:3)
  Arachne (Spider:4)
  Mlioglotl (Spider:3)
  Jorgrun (D:15)
  Asterion (Elf:1)
  2 deep elf blademasters (Elf:3)
  A deep elf master archer (Elf:3)
  Donald (Orc:2)
  Agnes (Spider:4)
  3 deep elf sorcerers (Elf:3)
  A frost giant (IceCv)
  10 ghost moths
  2 orc warlords (Orc:2)
  5 deep elf elementalists (Elf:3)
  2 broodmothers (Spider:4)
  6 deep elf demonologists
  Azrael (Spider:3)
  7 deep elf annihilators
  A spark wasp (Spider:4)
  Snorg (D:13)
  Josephine (D:15)
  4 deep elf death magi (Elf:3)
  5 entropy weavers
  5 deep elf high priests (Elf:3)
  A vault guard (D:11)
  4 hydras
  Erolcha (D:13)
  6 radroaches
  4 centaur warriors
  4 jorogumos
  Erica (D:11)
  An alligator (Lair:5)
  6 boulder beetles
  5 death yaks
  2 two-headed ogres
  9 dancing weapons
  3 orc high priests
  A skeletal warrior (D:15)
  5 deep elf knights
  Amaemon (D:8)
  2 pharaoh ants
  A flayed ghost (D:15)
  6 deep elf archers
  5 orb spiders
  4 steelbarb worms
  A necromancer (D:15)
  14 deep elf zephyrmancers
  17 deep elf pyromancers
  2 orc knights
  8 orc sorcerers
  A stone giant zombie (D:15)
  16 wolf spiders
  7 ugly things
  3 manticores
  4 cyclopes
  9 elephants (Lair:2)
  A moth of wrath (Spider:2)
  4 black mambas
  Maurice (Orc:1)
  7 cane toads
  2 torpor snails
  An ice statue (IceCv)
  5 demonic crawlers
  An orange demon (D:8)
  An unseen horror (D:12)
  11 rime drakes
  A kobold demonologist (D:11)
  A freezing wraith (D:14)
  9 komodo dragons
  A guardian mummy (D:15)
  A tengu conjurer (D:15)
  6 trolls
  6 meliai
  25 tarantellas
  A wind drake (Lair:3)
  8 polar bears
  3 hornets (Lair:5)
  5 blink frogs (Lair:5)
  4 dream sheep
  2 slime creatures (D:12)
  2 shadows
  17 jumping spiders
  9 spriggans (Lair:5)
  A spriggan (shapeshifter) (Elf:3)
  3 air elementals
  A wyvern (D:9)
  16 culicivoras
  3 water elementals
  6 fire elementals
  30 yaks
  4 basilisks
  5 wraiths
  36 redbacks
  14 vampire mosquitoes
  A steam dragon (D:8)
  An acid dragon (D:13)
  4 wargs
  5 water moccasins
  A glowing shapeshifter skeleton (D:15)
  A hell hound (Spider:3)
  27 orc warriors
  An ice beast (D:8)
  2 sky beasts
  8 black bears
  5 boggarts (Lair:5)
  A boggart (shapeshifter) (Elf:1)
  32 wolves
  3 centaurs
  4 ogres
  A phantom (D:4)
  3 kobold brigands
  6 bullfrogs
  2 gnoll sergeants
  2 earth elementals
  3 scorpions
  2 water moccasin zombies (Ossuary)
  9 wights
  11 killer bees
  2 electric eels
  4 howler monkeys
  2 hounds
  20 orc priests
  2 jellies
  Natasha (thrice) (D:4)
  Ijyb (D:5)
  6 iguanas
  18 orc wizards
  A boggart simulacrum (D:15)
  2 mummies (Ossuary)
  13 gnolls
  4 adders
  3 shadow imps
  2 ufetubi
  6 adder zombies (Ossuary)
  2 worms
  A dart slug (D:5)
  65 orcs
  7 endoplasms
  A giant cockroach (D:4)
  4 hobgoblins (D:2)
  2 quokkas
  5 ball pythons
  2 bats (D:3)
  2 frilled lizards
  4 gnoll zombies (Ossuary)
  A hobgoblin zombie (Ossuary)
  18 kobolds
  3 kobold zombies (Ossuary)
  7 orc zombies (Ossuary)
  4 rats
824 creatures vanquished.

Vanquished Creatures (collateral kills)
  A deep elf master archer (Elf:3)
  A juggernaut zombie (D:15)
  A deep elf high priest (Elf:3)
  A jorogumo (Spider:4)
  A two-headed ogre (D:11)
  2 boulder beetles (Spider:3)
  A radroach (Spider:2)
  2 orc high priests
  A pharaoh ant (Spider:2)
  An iron troll (D:14)
  7 orb spiders
  3 steelbarb worms
  4 deep elf pyromancers
  An orc knight (Orc:2)
  A wolf spider (Spider:2)
  A stone giant zombie (D:15)
  A moth of wrath (Spider:4)
  3 torpor snails
  4 demonic crawlers
  5 tarantellas
  2 slime creatures (D:12)
  7 jumping spiders
  4 redbacks
  2 wargs
  An ice beast (D:6)
  2 orc warriors (Orc:2)
  A gnoll sergeant (D:11)
  An adder zombie (Ossuary)
  3 orcs
65 creatures vanquished.

Vanquished Creatures (others)
  A two-headed ogre (D:11)
  A warg (Orc:2)
  A water moccasin (D:6)
  A water moccasin zombie (Ossuary)
  A wight (D:8)
  A jelly (D:5)
  34 fungi
  37 plants
  9 withered plants
86 creatures vanquished.

Grand Total: 975 creatures vanquished

Notes
Turn   | Place    | Note
-------+----------+-------------------------------------------
     0 | D:1      | M4edhros the Octopode Artificer began the quest for the
                  | Orb.
     0 | D:1      | Reached XP level 1. HP: 13/13 MP: 1/1
   123 | D:1      | regen amu 123
   151 | D:2      | Reached XP level 2. HP: 17/18 MP: 2/2
   187 | D:2      | Reached skill level 1 in Unarmed Combat
   325 | D:4      | Found Vuwkerch's Antique Armour Boutique.
   328 | D:4      | 2100 gold needded for Maskofdragon and Shieldofresist
   340 | D:4      | Found Uhuel's Distillery.
   370 | D:5      | Entered Level 5 of the Dungeon
   389 | D:5      | Reached XP level 3. HP: 23/23 MP: 3/3
   456 | D:4      | Found a sand-covered staircase.
   481 | D:4      | Noticed Natasha
   486 | D:4      | Killed Natasha
   487 | D:4      | Reached XP level 4. HP: 28/29 MP: 4/4
   497 | Ossuary  | Entered an ossuary
   544 | Ossuary  | Reached XP level 5. HP: 16/34 MP: 5/5
   669 | Ossuary  | Reached XP level 6. HP: 41/41 MP: 6/6
   754 | D:4      | Noticed Natasha
   758 | D:4      | HP: 2/41 [Natasha (9)]
   782 | D:5      | Noticed Ijyb
   790 | D:5      | Killed Ijyb
   913 | D:5      | Noticed a black bear
   915 | D:5      | Killed a black bear
   983 | D:6      | Reached XP level 7. HP: 41/45 MP: 6/7
  1473 | D:7      | Reached skill level 5 in Stealth
  1473 | D:7      | Reached skill level 5 in Evocations
  1486 | D:7      | Reached XP level 8. HP: 35/53 MP: 8/8
  1578 | D:7      | Reached skill level 5 in Unarmed Combat
  1636 | D:7      | Found a staircase to the Ecumenical Temple.
  1644 | Temple   | Entered the Ecumenical Temple
  1710 | Temple   | Became a worshipper of Cheibriados the Contemplative
  1711 | Temple   | 1700 chei
  1880 | D:4      | Reached * piety under Cheibriados
  1962 | D:4      | Killed Natasha
  1966 | D:4      | Noticed Natasha
  1970 | D:4      | Killed Natasha
  1971 | D:4      | Found Puqo's Distillery.
  1976 | D:4      | Bought a potion of lignification for 39 gold pieces
  2004 | D:4      | Found Singocu's Antique Weapon Emporium.
  2246 | D:1      | Found a faded altar of an unknown god.
  2251 | D:1      | Got Plato's Disquisition on the Entourage
  2298 | D:1      | Reached ** piety under Cheibriados
  2400 | D:2      | Learned a level 3 spell: Mephitic Cloud
  2404 | D:2      | Learned a level 3 spell: Ignite Poison
  2604 | D:3      | Reached skill level 5 in Dodging
  2610 | D:3      | Reached XP level 9. HP: 59/59 MP: 9/9
  2909 | D:4      | Reached skill level 1 in Poison Magic
  3011 | D:4      | Found Gififole's Antique Armour Boutique.
  3445 | D:6      | Reached skill level 1 in Transmutations
  3445 | D:6      | Reached skill level 1 in Air Magic
  3499 | D:6      | Reached *** piety under Cheibriados
  3781 | D:8      | Noticed Amaemon
  3786 | D:8      | Killed Amaemon
  3787 | D:8      | Reached skill level 5 in Fighting
  3787 | D:8      | Noticed an orange demon
  3791 | D:8      | Killed an orange demon
  3792 | D:8      | Reached XP level 10. HP: 66/66 MP: 10/10
  3818 | D:8      | Learned a level 2 spell: Call Imp
  3819 | D:8      | Noticed Gastronok
  3863 | D:8      | Found a runed translucent gate.
  3863 | D:8      | Found a runed translucent gate.
  3863 | D:8      | Found a runed translucent gate.
  3864 | D:8      | Noticed Bnni's ghost (journeyman FoHs)
  3869 | D:8      | Noticed Opifex's ghost (novice GrFi)
  4059 | D:9      | Reached skill level 1 in Summonings
  4187 | D:9      | Identified a scroll of acquirement
  4188 | D:9      | Acquired a +4 ring of slaying
  4241 | D:10     | Entered Level 10 of the Dungeon
  4252 | D:10     | Reached **** piety under Cheibriados
  4258 | D:10     | Found a staircase to the Lair.
  4440 | D:10     | Found Foiruor's Antique Weapon Shop.
  4603 | D:10     | You fall into a shaft and drop 1 floor!
  4647 | D:11     | Noticed Erica
  4657 | D:11     | Noticed a two-headed ogre
  4659 | D:11     | Noticed a two-headed ogre
  4664 | D:11     | Killed Erica
  4665 | D:11     | Reached XP level 11. HP: 52/74 MP: 11/11
  4666 | D:11     | Killed a two-headed ogre
  4686 | D:11     | Reached ***** piety under Cheibriados
  4770 | D:11     | Found a staircase to the Orcish Mines.
  4772 | D:11     | Found Potyfadea's Armour Shop.
  4821 | D:11     | Noticed a vault guard
  4838 | D:11     | Killed a vault guard
  4850 | D:11     | Found a portal to a secret trove of treasure.
  4896 | D:12     | Found a frozen archway.
  4912 | IceCv    | Entered an ice cave
  4934 | IceCv    | Reached skill level 10 in Unarmed Combat
  4939 | IceCv    | Reached skill level 1 in Invocations
  4951 | IceCv    | Noticed a death yak
  4966 | IceCv    | Killed a death yak
  4967 | IceCv    | Reached skill level 5 in Poison Magic
  5037 | IceCv    | Noticed a white ugly thing
  5042 | IceCv    | Noticed a death yak
  5045 | IceCv    | Killed a red ugly thing
  5051 | IceCv    | Killed a death yak
  5201 | IceCv    | Noticed a frost giant
  5203 | IceCv    | Noticed a death yak
  5217 | IceCv    | Killed a death yak
  5218 | IceCv    | Reached skill level 5 in Invocations
  5218 | IceCv    | Reached XP level 12. HP: 81/81 MP: 10/15
  5222 | IceCv    | Killed a frost giant
  5270 | IceCv    | Noticed a death yak
  5287 | IceCv    | Killed a death yak
  5572 | IceCv    | Reached skill level 10 in Dodging
  5668 | D:12     | Reached skill level 1 in Shields
  5691 | D:12     | Reached skill level 2 in Shields
  5692 | D:12     | Noticed a boulder beetle
  5752 | D:11     | Reached skill level 3 in Shields
  5968 | Orc:1    | Entered Level 1 of the Orcish Mines
  5968 | Orc:1    | Noticed Maurice
  5968 | Orc:1    | Found Virai's Assorted Antiques.
  5979 | Orc:1    | Killed Maurice
  5980 | Orc:1    | Reached skill level 4 in Shields
  6055 | Orc:1    | Found Iggix's Magic Scroll Shoppe.
  6182 | Orc:1    | Found Talauw's Book Shoppe.
  6208 | Orc:1    | Found a runed translucent gate.
  6209 | Orc:1    | Found a runed translucent gate.
  6211 | Orc:1    | Found a runed translucent gate.
  6211 | Orc:1    | Found Qeropewi's Antique Armour Boutique.
  6212 | Orc:1    | Found an opulent altar of Gozag.
  6213 | Orc:1    | Noticed Xefoanen's ghost (journeyman MiFi)
  6216 | Orc:1    | Found Naotiul's Assorted Antiques.
  6266 | Orc:1    | Noticed an orc high priest
  6276 | Orc:1    | Killed an orc high priest
  6277 | Orc:1    | Reached skill level 5 in Shields
  6277 | Orc:1    | Reached skill level 1 in Conjurations
  6329 | Orc:2    | Entered Level 2 of the Orcish Mines
  6343 | Orc:2    | Noticed an orc high priest
  6353 | Orc:2    | Killed an orc high priest
  6367 | Orc:2    | Noticed an orc warlord
  6394 | Orc:2    | Reached skill level 6 in Shields
  6397 | Orc:2    | Reached XP level 13. HP: 86/86 MP: 18/18
  6461 | Orc:2    | Noticed an orc warlord
  6470 | Orc:2    | Killed an orc warlord
  6471 | Orc:2    | Reached skill level 7 in Shields
  6471 | Orc:2    | Reached skill level 5 in Air Magic
  6532 | Orc:2    | Killed an orc warlord
  6536 | Orc:2    | Reached skill level 8 in Shields
  6648 | Orc:2    | Noticed Donald
  6669 | Orc:2    | HP: 3/79 [Donald/+0 eveningstar of draining (13)]
  6673 | Orc:2    | Found Rirph's Jewellery Shop.
  6878 | Orc:2    | Killed Donald
  6879 | Orc:2    | Reached skill level 9 in Shields
  6885 | Orc:2    | Found Gofac's General Store.
  6923 | Orc:2    | Found Pupidem's Antique Weapon Boutique.
  7011 | Orc:2    | Found Jeateheo's Antique Armour Boutique.
  7040 | Orc:2    | Reached skill level 10 in Shields
  7048 | Orc:2    | Found a radiant altar of Vehumet.
  7065 | Orc:2    | Found a staircase to the Elven Halls.
  7372 | D:12     | Identified the amulet of Hangefog {Acrobat Will++ rCorr}
  7558 | D:12     | Found a large runed translucent door.
  7558 | D:12     | Found a large runed translucent door.
  7562 | D:12     | Noticed Qomop's ghost (adept FoFi)
  7621 | D:12     | Reached skill level 1 in Spellcasting
  7838 | D:4      | Bought the +2 shield of Resistance {rF++ rC++ Will++} for
                  | 1480 gold pieces
  7838 | D:4      | Found the +2 shield of Resistance {rF++ rC++ Will++}
  8053 | D:11     | You paid a toll of the shield of Resistance to enter a
                  | treasure trove
  8054 | Trove    | Entered a treasure trove
  8079 | Trove    | Identified the ring "Wuvanny" {rPois rCorr SInv}
  8083 | Trove    | Identified the ring "Ytweu" {rElec rPois Will+ rCorr Str-3}
  8091 | Trove    | Identified the +4 rapier of Honour {holy, *Noise rCorr
                  | Dex+3}
  8433 | D:13     | Found a snail-covered altar of Cheibriados.
  8527 | D:13     | Noticed Erolcha
  8543 | D:13     | Killed Erolcha
  8567 | D:13     | Noticed Snorg
  8585 | D:13     | Killed Snorg
  8598 | D:13     | Acquired 682 gold pieces
  8717 | D:14     | Reached XP level 14. HP: 22/92 MP: 19/19
  8974 | D:4      | Bought the +0 mask of the Dragon {Will+ Slay+3 SInv} for
                  | 701 gold pieces
  8974 | D:4      | Found the +0 mask of the Dragon {Will+ Slay+3 SInv}
  9425 | Lair:1   | Entered Level 1 of the Lair of Beasts
  9519 | Lair:3   | Reached skill level 5 in Conjurations
  9537 | Lair:3   | Reached skill level 11 in Shields
  9575 | Lair:4   | Found a staircase to the Slime Pits.
  9791 | Lair:3   | Found a staircase to the Shoals.
  9806 | Lair:3   | Noticed Urug
  9903 | Lair:5   | Entered Level 5 of the Lair of Beasts
 10086 | Lair:5   | Identified the +7 war axe of the Mosquito {venom, rF+}
 10599 | Lair:2   | Found a hole to the Spider Nest.
 10771 | Lair:1   | Reached skill level 12 in Shields
 10805 | Lair:2   | Reached XP level 15. HP: 62/97 MP: 7/21
 10815 | Lair:2   | Learned a level 5 spell: Freezing Cloud
 11090 | Lair:1   | Reached skill level 1 in Ice Magic
 11111 | Lair:1   | Identified the +0 leather armour "Kyhaocex" {Stlth+}
 11599 | D:14     | Learned a level 4 spell: Summon Lightning Spire
 11676 | D:15     | Entered Level 15 of the Dungeon
 11720 | D:15     | Noticed Josephine
 11724 | D:15     | Killed Josephine
 11862 | D:15     | Found a staircase to the Depths.
 12065 | D:14     | Reached skill level 13 in Shields
 12066 | D:14     | Found a gate to the Vaults.
 12182 | D:15     | Noticed Jorgrun
 12198 | D:15     | Killed Jorgrun
 12257 | D:15     | Reached skill level 5 in Summonings
 12729 | Orc:1    | Bought a scorched kite shield for 228 gold pieces
 12729 | Orc:1    | Identified the +8 kite shield of Zuypluy {Drain rF++ Int+3
                  | Stlth+} (You bought it in a shop on level 1 of the Orcish
                  | Mines)
 12753 | Orc:1    | Bought a book of Cantrips for 168 gold pieces
 12755 | Orc:1    | Learned a level 1 spell: Apportation
 12809 | Elf:1    | Entered Level 1 of the Elven Halls
 12816 | Elf:1    | Reached skill level 5 in Ice Magic
 13062 | Elf:1    | Noticed Asterion
 13079 | Elf:1    | Killed Asterion
 13080 | Elf:1    | Reached XP level 16. HP: 80/103 MP: 22/22
 13081 | Elf:1    | Reached skill level 14 in Shields
 13198 | Elf:1    | Reached skill level 15 in Shields
 13367 | Elf:1    | Got Hyilas's Vellum of the Boggart
 13525 | Elf:2    | Paralysed by an air elemental for 1 turns
 13602 | Elf:3    | Entered Level 3 of the Elven Halls
 13611 | Elf:3    | Found Jebb's Armour Shop.
 13664 | Elf:3    | Learned a level 2 spell: Wereblood
 13753 | Elf:3    | Found Zufia's CLEARANCE SALE!.
 13766 | Elf:3    | Bought a scroll of immolation for 16 gold pieces
 13942 | Elf:3    | Reached skill level 16 in Shields
 14066 | Elf:3    | Noticed a deep elf blademaster
 14077 | Elf:3    | Killed a deep elf blademaster
 14116 | Elf:3    | Identified the +8 great sword of Weak Punishment {pain,
                  | *Noise rElec rN+ Str+8}
 14116 | Elf:3    | Identified the ring of the Locust {rF+ Int+3}
 14129 | Elf:3    | Noticed a deep elf master archer
 14136 | Elf:3    | Killed a deep elf master archer
 14137 | Elf:3    | Reached skill level 17 in Shields
 14138 | Elf:3    | Noticed a Hell Sentinel
 14150 | Elf:3    | Noticed a deep elf master archer
 14153 | Elf:3    | Identified the +5 trident of the Six Realms {speed, Str+4
                  | Dex+5}
 14178 | Elf:3    | Got the Secrets of the Sepulchral Winter
 14182 | Elf:3    | Noticed a deep elf blademaster
 14197 | Elf:3    | Killed a deep elf blademaster
 14198 | Elf:3    | Reached XP level 17. HP: 78/108 MP: 9/23
 14230 | Elf:3    | Killed a deep elf master archer
 14231 | Elf:3    | Reached skill level 10 in Air Magic
 14281 | Elf:3    | Noticed an Ice Fiend
 14400 | Elf:3    | Paralysed by an air elemental for 1 turns
 14655 | Spider:1 | Entered Level 1 of the Spider Nest
 14802 | Spider:2 | Reached skill level 5 in Spellcasting
 15174 | Spider:2 | HP: 2/108 [ghost moth[a torpor snail] (16)]
 15305 | Spider:3 | Noticed Mlioglotl
 15318 | Spider:3 | Killed Mlioglotl
 15378 | Spider:3 | Noticed Mara
 15614 | Spider:2 | Learned a level 7 spell: Malign Gateway
 15680 | Spider:2 | Reached skill level 1 in Translocations
 15798 | Spider:3 | Noticed Azrael
 15806 | Spider:3 | Killed Azrael
 15848 | Spider:4 | Entered Level 4 of the Spider Nest
 15944 | Spider:4 | Noticed Agnes
 15950 | Spider:4 | Killed Agnes
 15973 | Spider:4 | Reached XP level 18. HP: 111/117 MP: 22/27
 16068 | Spider:4 | Noticed Arachne
 16077 | Spider:4 | Reached ****** piety under Cheibriados
 16086 | Spider:4 | Killed Arachne
 16274 | Spider:4 | Got a gossamer rune of Zot
 16712 | Spider:3 | Noticed M4edhros's illusion
 16714 | Spider:3 | Killed Mara
 16908 | Spider:1 | Reached skill level 5 in Translocations
 16970 | Spider:1 | HP: 3/119 [demonic crawler (3)]
 16970 | Spider:1 | Mangled by a jumping spider

Illustrated notes #.....### #...######### .......#.......... ########....#..#.. ##......... ###..#..#.. ######.......... ###......>######## #@..####### ........### ......... ....###### ... .. # Turn 123 on D:1: regen amu 123 #(..##...#..##.......### #.....##....#.....>...# #....####............# ##.....#.............# #..........#.........#. #.#........#............. ...#........#......<.....# #..#......<..##'#.........# #..#..........+@+.........# ##............#+#.......... #..#....#.............##.# ####.....#..##...##...# #..... .## ..# ##.. #(.... .. .. .# .....# .. Turn 328 on D:4: 2100 gold needded for Maskofdragon and Shieldofresist

≈≈≈≈≈≈≈ ≈≈≈≈≈≈
≈≈≈≈≈≈≈≈#≈≈≈≈≈≈≈ ≈≈≈≈≈≈≈≈
≈≈≈≈≈≈≈#≈≈≈≈≈≈≈≈
≈≈≈≈≈≈≈≈≈≈≈≈≈≈≈≈#≈≈≈≈≈≈≈≈
≈≈≈≈≈≈≈≈≈≈≈≈≈≈≈≈≈≈≈≈≈≈≈≈≈
≈≈≈≈≈≈≈≈≈≈≈≈≈≈≈≈≈≈≈≈≈≈≈≈##
.≈...#...≈≈...#....≈≈≈##≈≈
.....#........#.@...≈≈≈≈≈≈
....#.._.....#....##≈≈≈≈≈≈
....#.....##.#..##..≈≈≈≈≈≈
...#....##..#.##....≈≈≈≈≈≈
_..#..##....#.......≈≈≈≈≈≈
....##.....#........≈≈≈≈≈≈
..##..#....#....._.≈≈≈≈≈≈≈
##....#._.#.........≈≈≈≈≈≈
.....#....#........≈≈≈≈≈≈≈


Turn 1711 on Temple: 1700 chei

Levels and vault maps discovered:
D:1:      enne_arrival_octagon_isle, layout_rooms,
          shapermc_ecumenical_altar_rom_forum, columned_hall_lemuel
D:2:      layout_basic, minivault_27
D:3:      layout_loops_corners, minmay_misc_feat_hallway
D:4:      layout_cave_pools, nicolae_ossuary_entry_monument, serial_shops,
          nicolae_shop_hallway_plus, shop, nicolae_shop_statue_plus,
          nicolae_square_shop, nicolae_shop_behind_doors, uniq_natasha
D:5:      layout_basic, uniq_ijyb
D:6:      minmay_chambers_of_threes, layout_layer_cave
D:7:      layout_loops_ring, minmay_temple_entry_butterflies,
          lemuel_flame_loot_1, uniq_maggie
D:8:      layout_rooms, gammafunk_ghost_cemetery, serial_bayou_crossing,
          uniq_gastronok, uniq_amaemon
D:9:      layout_basic, nicolae_underground_beach
D:10:     layout_stronghold, tgw_kikubaaqudgha, lair_entry_dummy, serial_shops,
          nicolae_shop_stone, hangedman_abyss_or_decor_stagger
D:11:     layout_cave_pods, orc_david_3, enter_trove_5, minivault_27, uniq_erica
D:12:     layout_loops_ring, ebering_ghost_disaster_area,
          portal_ice_cave_entry_pillars_1, dreamdust_princess_corridor
D:13:     layout_roguey, cheibrodos_worm_habitat, uniq_erolcha, uniq_snorg
D:14:     layout_layer_cave, david_vaults_4, nzn_wu_jian_council_hall
D:15:     gammafunk_depths_entry_grave, layout_basic,
          chequers_serial_rivers_micro_a, uniq_roxanne, uniq_jorgrun,
          uniq_josephine
Temple:   regret_index_temple_sigil_plot
Lair:1:   layout_loops_ring, minmay_shattered_shrine, grunt_megastairs_1
Lair:2:   layout_long_grid, nicolae_spider_entry_orb_guardian
Lair:3:   layout_loops_ring, minmay_shoals_entry_beasts, uniq_urug
Lair:4:   layout_misc_corridors, slime_entry_1, serial_bayou_ford_a
Lair:5:   minmay_lair_end_enchanted_forest, layout_loops_ring,
          grunt_forest_large_clearing_hut
Spider:1: layout_spider_delve
Spider:2: nicolae_spider_hilbert_zone_3 [nicolae_spider_hilbert_4_sides_2_open,
          nicolae_spider_hilbert_3_sides_1_open,
          nicolae_spider_hilbert_3_sides_1_open,
          nicolae_spider_hilbert_3_sides_1_open,
          nicolae_spider_hilbert_3_sides_1_open,
          nicolae_spider_hilbert_4_sides_1_open,
          nicolae_spider_hilbert_4_sides_1_open,
          nicolae_spider_hilbert_4_sides_1_open,
          nicolae_spider_hilbert_4_sides_1_open,
          nicolae_spider_hilbert_4_sides_1_open,
          nicolae_spider_hilbert_4_sides_1_open,
          nicolae_spider_hilbert_4_sides_1_open,
          nicolae_spider_hilbert_4_sides_1_open,
          nicolae_spider_hilbert_3_sides_1_open,
          nicolae_spider_hilbert_3_sides_1_open,
          nicolae_spider_hilbert_3_sides_1_open,
          nicolae_spider_hilbert_3_sides_1_open], hellmonk_test_site
Spider:3: layout_spider_delve, einodemon_crawler_minivault, uniq_mara,
          uniq_mlioglotl, uniq_azrael
Spider:4: johnstein_spider_rune_arachne_lair, uniq_agnes
Orc:1:    layout_caves, serial_shops, nicolae_shop_crystal,
          nicolae_shop_hallway_plus, shop, shop_coins, ebering_ghost_gozag,
          uniq_maurice
Orc:2:    grunt_orc_gardens, layout_diamond_mine, grunt_orc_garden,
          grunt_orc_garden, grunt_orc_garden, grunt_orc_garden, basic_altar,
          mines1_david, uniq_donald
Elf:1:    layout_rooms, serial_shops, nicolae_shop_hallway_plus,
          minmay_elf_demonology, serial_sigils_hangedman_gnaw,
          chequers_big_river, uniq_asterion
Elf:2:    nicolae_elf_blades_splatter_lattice [nooodl_blade_entry_preview],
          layout_loops_cross, nicolae_shop_overcharged_wands
Elf:3:    minmay_elf_hall_curves, layout_geoelf_castle, serial_shops,
          shop_statue, nicolae_shop_clearance

Skill      XL: |  1  2  3  4  5  6  7  8  9 10 11 12 13 14 15 16 17 18 |
---------------+-------------------------------------------------------+-----
Stealth        | 2 3 4 5 6 |  6.3
Unarmed Combat | 1 2 3 4 6 7 9 10 | 10.0
Fighting       | 2 3 4 5 6 7 8 9 |  9.6
Dodging        | 3 4 5 6 8 10 11 12 | 12.0
Evocations     | 4 5 6 |  6.0
Poison Magic   | 4 6 7 |  7.0
Transmutations | 3 4 |  4.0
Air Magic      | 3 4 6 8 9 12 14 | 14.0
Summonings     | 3 4 6 7 |  7.6
Invocations    | 5 7 |  7.4
Shields        | 6 10 12 13 17 | 17.6
Conjurations   | 2 4 7 8 |  8.1
Spellcasting   | 2 4 6 7 |  7.5
Ice Magic      | 6 |  6.0
Translocations | 2 5 |  5.0

Action                   |  1- 3 |  4- 6 |  7- 9 | 10-12 | 13-15 | 16-18 || total
-------------------------+-------+-------+-------+-------+-------+-------++-------
Melee: Unarmed           |    42 |   131 |   232 |   295 |   644 |   618 ||  1962
       Constrict         |    12 |    30 |    47 |    49 |   144 |   148 ||   430
       Tentacles         |    10 |    33 |    52 |    70 |   214 |   235 ||   614
       Punch             |       |     2 |     7 |    23 |    61 |    83 ||   176
Throw: Dart              |       |       |     6 |     3 |     1 |       ||    10
 Cast: Mephitic Cloud    |       |       |    10 |    66 |    89 |    31 ||   196
       Ignite Poison     |       |       |     2 |    16 |    28 |     4 ||    50
       Call Imp          |       |       |       |     1 |       |     2 ||     3
       Summon Lightning  |       |       |       |       |    20 |    83 ||   103
       Wereblood         |       |       |       |       |       |     4 ||     4
       Freezing Cloud    |       |       |       |       |       |    17 ||    17
       Apportation       |       |       |       |       |       |     6 ||     6
Invok: Slouch            |       |       |       |     1 |    25 |    17 ||    43
       Temporal Distorti |       |       |       |       |       |     1 ||     1
Evoke: Wand              |     3 |    13 |    13 |    62 |    20 |    15 ||   126
       Tin of tremorston |       |       |       |       |       |     1 ||     1
  Use: Potion            |       |     2 |     1 |     6 |     3 |     6 ||    18
       Scroll            |       |       |    18 |     7 |    14 |     9 ||    48
 Stab: Sleeping          |       |     1 |    13 |     6 |    24 |     6 ||    50
       Confused          |       |       |     7 |    31 |    34 |    22 ||    94
       Distracted        |       |       |       |       |     7 |    25 ||    32
Armor: Skin              |     1 |     5 |     5 |    15 |     8 |     8 ||    42
Dodge: Dodged            |    22 |    64 |   141 |   200 |   318 |   386 ||  1131
Block: Kite shield       |       |       |       |   128 |   598 |   840 ||  1566

Table legend: (Time is in decaauts)
 A = Elapsed time spent in this place.
 B = Non-inter-level travel time spent in this place.
 C = Inter-level travel time spent in this place.
 D = Time resting spent in this place.
 E = Time spent auto-exploring this place.
 F = Levels seen in this place.
 G = Mean time per level.
                   A        B        C        D        E       F      G
               +--------+--------+--------+--------+--------+-----+--------+
         Total |  25634 |  20246 |   5388 |     75 |    310 |  33 |  776.8 |
       Dungeon |  12324 |   8785 |   3539 |     14 |    196 |  15 |  821.6 |
        Temple |     98 |     67 |     31 |      0 |     17 |   1 |   98.0 |
          Lair |   3316 |   2819 |    497 |      0 |     84 |   5 |  663.2 |
   Spider Nest |   3736 |   3239 |    497 |      9 |     13 |   4 |  934.0 |
  Orcish Mines |   2313 |   1806 |    507 |      0 |      0 |   2 | 1156.5 |
   Elven Halls |   2575 |   2259 |    316 |      0 |      0 |   3 |  858.3 |
         Trove |    115 |    115 |      0 |      0 |      0 |   1 |  115.0 |
       Ossuary |    208 |    208 |      0 |      0 |      0 |   1 |  208.0 |
      Ice Cave |    946 |    946 |      0 |     52 |      0 |   1 |  946.0 |
               +--------+--------+--------+--------+--------+-----+--------+

Top non-repeatable levels by time:
   Orc:2: 1302 daAuts
   Elf:3: 1285 daAuts
Spider:2: 1227 daAuts
    D:10: 1222 daAuts
    D:11: 1152 daAuts
Spider:4: 1108 daAuts
   Orc:1: 1011 daAuts
     D:9: 1010 daAuts
    D:15: 956 daAuts
   IceCv: 946 daAuts
  Lair:1: 930 daAuts
     D:6: 922 daAuts
    D:14: 896 daAuts
     D:5: 887 daAuts
    D:13: 834 daAuts
